 Dungeon Crawl Stone Soup version 0.30-a0-1103-g25895a7845 (webtiles) character file.

Game seed: 4053954441951126446

7216 jasper the Grappler (level 10, -6/100 HPs)
             Began as a Troll Delver on Apr 18, 2023.
             Was an Elder of Okawaru.
             Mangled by a yak (12 damage)
             ... on level 9 of the Dungeon.
             The game lasted 00:11:21 (6978 turns).

jasper the Grappler (Troll Delver)                  Turns: 6978, Time: 00:11:21

Health: -6/100     AC: 12    Str: 24    XL:     10   Next: 87%
Magic:  13/13      EV: 10    Int:  8    God:    Okawaru [****..]
Gold:   564        SH:  0    Dex: 11    Spells: 5/9 levels left

rFire   . . .      SeeInvis +      - Unarmed
rCold   . . .      Faith    .    (no shield)
rNeg    . . .      Spirit   .    C - +0 swamp dragon scales
rPois   +          Reflect  .    (helmet restricted)
rElec   .          Rampage  .    z - +2 cloak
rCorr   .                        (gloves unavailable)
Will    .....                    (boots unavailable)
Stlth   +                        q - amulet of regeneration
HPRegen 1.96/turn                s - ring of see invisible
MPRegen 0.13/turn                (no ring)

@: no status effects
A: large, unfitting armour, claws 3, regeneration 1, shaggy fur 1, tough skin 1
a: Renounce Religion, Heroism, Finesse


You were on level 9 of the Dungeon.
You worshipped Okawaru.
Okawaru was greatly pleased with you.
You visited 2 branches of the dungeon, and saw 10 of its levels.

You collected 564 gold pieces.

Inventory:

Hand Weapons
 h - a +1 giant club
 D - a +2 dire flail
Missiles
 r - 8 poisoned darts (quivered)
 x - 6 javelins
 B - 11 large rocks
Armour
 a - a +0 robe
 k - +1 steam dragon scales
 z - a +2 cloak (worn)
 C - +0 swamp dragon scales (worn)
 E - a +0 cloak
Jewellery
 q - an amulet of regeneration (around neck)
 s - a ring of see invisible (left claw)
Wands
 f - a wand of digging (3)
 l - a wand of roots (26)
 m - a wand of polymorph (11)
 p - a wand of flame (14)
Scrolls
 b - 6 scrolls of fog
 c - a scroll of magic mapping
 d - 3 scrolls of fear
 n - 2 scrolls of enchant weapon
 y - 7 scrolls of identify
 A - 4 scrolls of teleportation
Potions
 e - 2 potions of haste
 g - 3 potions of brilliance
 i - 3 potions of flight
 j - 3 potions of attraction
 o - 3 potions of curing
 t - 2 potions of ambrosia {unknown}
 u - 2 potions of invisibility {unknown}
 v - 2 potions of mutation {unknown}
 w - 5 potions of heal wounds {unknown}


   Skills:
 + Level 6.5 Fighting
 - Level 5.0 Throwing
 + Level 6.1 Dodging
 - Level 2.7 Stealth
 - Level 10.3 Unarmed Combat
 + Level 6.1 Invocations


You had 5 spell levels left.
You knew the following spells:

 Your Spells              Type           Power      Damage    Failure   Level
a - Apportation           Tloc           0%         N/A       56%         1
b - Ozocubu's Armour      Ice            0%         N/A       90%         3

Your spell library contained the following spells:

 Spells                   Type           Power      Damage    Failure   Level
 Magic Dart               Conj           0%         1d3       56%         1
 Slow                     Hex            0%         N/A       56%         1
 Static Discharge         Conj/Air       0%         2-2/arc   71%         2
 Confusing Touch          Hex            0%         N/A       90%         3
 Mephitic Cloud           Conj/Pois/Air  0%         N/A       90%         3
 Vampiric Draining        Necr           0%         2d6       90%         3
 Airstrike                Air            0%         2d(0-16)  100%        4
 Alistair's Intoxication  Tmut/Pois      0%         N/A       100%        5
 Ozocubu's Refrigeration  Ice            0%         4d7       100%        7
 Call Imp                 Summ           Unusable   N/A       N/A         2
 Summon Lightning Spire   Summ/Air       Unusable   N/A       N/A         4

Dungeon Overview and Level Annotations

Branches:
Dungeon (9/15)             Temple (1/1) D:6            Lair (0/5) D:9
    Orc: D:9-12

Altars:
Okawaru
Sif Muna
Trog
Yredelemnul

Shops:
D:8 (


Innate Abilities, Weirdness & Mutations

You are too large for most types of armour.
You have claws for hands.
Your natural rate of healing is unusually fast.
You are covered in fur. (AC +1)
You have tough skin. (AC +1)


Message History

The yak gores you!
You take 11 damage, and have 43/100 hp.
You claw the yak!
The yak is almost dead.
The yak gores you. The yak barely misses you.
You take 4 damage, and have 39/100 hp.
You claw the yak!
You kill the yak!
Okawaru accepts your kill.
You can now speed up your combat.
You scratch the yak.
The yak is lightly wounded.
The yak gores you! x2
* * * LOW HITPOINT WARNING * * *
The yak gores you but does no damage.
You scratch the yak but do no damage.
The yak is lightly wounded.
The yak closely misses you. x2; The yak barely misses you.
You scratch the yak.
The yak is moderately wounded.
Your attacks no longer feel as feeble.
You take 13 damage, and have 27/100 hp.
You mangle the yak!!
The yak is almost dead.
The yak completely misses you. The yak barely misses you. The yak gores you.
* * * LOW HITPOINT WARNING * * *
You scratch the yak.
The yak is almost dead.
The yak gores you but does no damage. x2; The yak completely misses you.
You scratch the yak.
You kill the yak!
Okawaru accepts your kill. The yak gores you!
* * * LOW HITPOINT WARNING * * *
The yak gores you!
* * * LOW HITPOINT WARNING * * *
You mangle the yak!!
You kill the yak!
Okawaru accepts your kill. The yak gores you!
You die...

#. #.## ...#
..# ((#
#..####.####
#..........#
#.#)#
#######.#@#
#>......YY#
#######.###
#.# #.# #.#
#.# #†# ###
#.#


You could see 2 yaks.

Vanquished Creatures
  Amaemon (D:9)
  Pikel (D:6)
  Maurice (D:9)
  An orange demon (D:9)
  Maggie (D:6)
  Sigmund (D:6)
  A wyvern (D:8)
  8 yaks (D:9)
  Eustachio (D:6)
  2 steam dragons
  Edmund (D:6)
  A water moccasin (D:5)
  Duvessa (D:5)
  A sky beast (D:7)
  A black bear (shapeshifter) (D:8)
  2 orc warriors (D:8)
  An ice beast (D:5)
  4 ogres
  2 centaurs
  A kobold brigand (D:4)
  3 bullfrogs
  4 scorpions
  11 wights
  Dowan (D:5)
  4 killer bees (D:7)
  3 howler monkeys
  A jelly (D:6)
  2 orc priests
  9 hounds
  2 sleepcaps (D:6)
  Jessica (D:2)
  Ijyb (D:2)
  Natasha (thrice) (D:2)
  Terence (D:2)
  8 orc wizards
  2 iguanas
  A scorpion zombie (D:3)
  5 gnolls
  4 adders
  2 white imps
  An adder zombie (D:3)
  4 dart slugs
  24 orcs
  10 endoplasms
  3 giant cockroaches (D:1)
  22 goblins
  5 hobgoblins
  2 jackals (D:1)
  4 quokkas
  5 ball pythons
  A ball python zombie (D:3)
  8 bats
  2 frilled lizards
  10 kobolds
  4 rats
206 creatures vanquished.

Vanquished Creatures (others)
  An orc (D:9)
1 creature vanquished.

Grand Total: 207 creatures vanquished

Notes
Turn   | Place    | Note
-------+----------+-------------------------------------------
     0 | D:5      | jasper the Troll Delver began the quest for the Orb.
     0 | D:5      | Reached XP level 1. HP: 22/22 MP: 0/0
    59 | D:5      | Noticed a hound
    64 | D:5      | Killed a hound
    65 | D:5      | Reached skill level 3 in Unarmed Combat
    65 | D:5      | Reached XP level 2. HP: 29/29 MP: 1/1
    80 | D:5      | Reached XP level 3. HP: 36/36 MP: 2/2
    86 | D:5      | Noticed a scorpion
    93 | D:5      | Killed a scorpion
    94 | D:5      | Reached skill level 4 in Unarmed Combat
    94 | D:5      | Reached XP level 4. HP: 41/44 MP: 3/3
   156 | D:5      | Reached skill level 5 in Unarmed Combat
   183 | D:5      | Reached XP level 5. HP: 44/50 MP: 4/4
   229 | D:5      | Noticed an ogre
   240 | D:5      | Killed an ogre
   241 | D:5      | Reached skill level 6 in Unarmed Combat
   294 | D:5      | Noticed Duvessa
   316 | D:5      | Killed Duvessa
   317 | D:5      | Reached XP level 6. HP: 29/59 MP: 5/5
   317 | D:5      | Noticed Dowan
   331 | D:5      | Killed Dowan
   332 | D:5      | Reached skill level 7 in Unarmed Combat
   411 | D:5      | Noticed a steam dragon
   422 | D:5      | Killed a steam dragon
   423 | D:5      | Reached XP level 7. HP: 39/66 MP: 6/6
   425 | D:5      | Reached skill level 8 in Unarmed Combat
   716 | D:5      | Reached skill level 9 in Unarmed Combat
   865 | D:5      | Reached XP level 8. HP: 59/74 MP: 7/7
  1564 | D:4      | Reached skill level 10 in Unarmed Combat
  2459 | D:3      | Found a basalt altar of Yredelemnul.
  2504 | D:3      | Found a faded altar of an unknown god.
  2592 | D:3      | Found an iron altar of Okawaru.
  2592 | D:3      | Found a bloodstained altar of Trog.
  2606 | D:3      | Became a worshipper of Warmaster Okawaru
  3113 | D:2      | Noticed Natasha
  3121 | D:2      | Killed Natasha
  3127 | D:2      | Noticed Natasha
  3131 | D:2      | Killed Natasha
  3156 | D:2      | Noticed Jessica
  3161 | D:2      | Killed Jessica
  3165 | D:2      | Noticed Terence
  3172 | D:2      | Killed Terence
  3178 | D:2      | Learned a level 1 spell: Apportation
  3302 | D:2      | Noticed Natasha
  3306 | D:2      | Killed Natasha
  3307 | D:2      | Reached skill level 1 in Throwing
  3307 | D:2      | Reached skill level 1 in Invocations
  3435 | D:2      | Noticed Ijyb
  3443 | D:2      | Killed Ijyb
  4418 | D:6      | Noticed Eustachio
  4432 | D:6      | Killed Eustachio
  4528 | D:6      | Noticed Edmund
  4547 | D:6      | Killed Edmund
  4548 | D:6      | Reached XP level 9. HP: 78/83 MP: 9/9
  4571 | D:6      | Found a staircase to the Ecumenical Temple.
  4589 | D:6      | Noticed Sigmund
  4597 | D:6      | Killed Sigmund
  4597 | D:6      | Reached * piety under Okawaru
  4818 | D:6      | Noticed Pikel
  4823 | D:6      | Noticed Maggie
  4826 | D:6      | Killed Pikel
  4841 | D:6      | Killed Maggie
  5065 | Temple   | Entered the Ecumenical Temple
  5299 | D:7      | Reached ** piety under Okawaru
  5389 | D:7      | Learned a level 3 spell: Ozocubu's Armour
  5417 | D:7      | Reached skill level 5 in Fighting
  5713 | D:7      | Reached XP level 10. HP: 95/95 MP: 12/12
  5958 | D:8      | Found Woygheywk's Weapon Emporium.
  6141 | D:8      | Reached skill level 5 in Dodging
  6144 | D:8      | Reached *** piety under Okawaru
  6591 | D:8      | Found a shimmering blue altar of Sif Muna.
  6686 | D:9      | Noticed Maurice
  6716 | D:9      | Killed Maurice
  6717 | D:9      | Reached skill level 5 in Throwing
  6717 | D:9      | Reached skill level 5 in Invocations
  6761 | D:9      | Found a staircase to the Lair.
  6923 | D:9      | Reached **** piety under Okawaru
  6940 | D:9      | Noticed Amaemon
  6940 | D:9      | Noticed an orange demon
  6949 | D:9      | Killed Amaemon
  6949 | D:9      | Received a gift from Okawaru
  6960 | D:9      | Killed an orange demon
  6977 | D:9      | HP: 4/100 [yak (13)]
  6978 | D:9      | Mangled by a yak

Illustrated notes

Levels and vault maps discovered:
D:1:      minmay_arrival_shattered_statue, layout_loops_ring, minmay_box_of_dots
D:2:      kennysheep_the_goblin_king, layout_basic, uniq_natasha, uniq_jessica,
          uniq_terence
D:3:      layout_basic, grunt_temple_overflow_bloody_war,
          nicolae_yredelemnul_corpse_copse,
          ebering_ecumenical_altar_sacrificial, minmay_misc_feat_x,
          kennysheep_doodads
D:4:      nicolae_cairo_tiling_very_big, layout_basic, minmay_pentomino_pile
D:5:      layout_layer_cave, uniq_duvessa
D:6:      layout_cave_pools, minmay_temple_entry_waves,
          hangedman_abyss_or_decor_passed, dreamdust_wishing_well,
          minmay_ogre_servants, uniq_eustachio, uniq_maggie, uniq_edmund,
          uniq_sigmund, uniq_pikel
D:7:      layout_loops_ring
D:8:      layout_cave_pods, kennysheep_orc_sif_temple, serial_shops, shop
D:9:      layout_loops_ring, dpeg_oklobed_lair, david_orc_5,
          kennysheep_opposing_triangles, uniq_amaemon, uniq_maurice
Temple:   nicolae_temple_slightly_damp_pantheon

Skill      XL: |  1  2  3  4  5  6  7  8  9 10 |
---------------+-------------------------------+-----
Unarmed Combat | 3 4 5 6 7 9 10 | 10.3
Dodging        | 3 4 6 |  6.1
Fighting       | 3 5 6 |  6.5
Throwing       | 2 4 5 |  5.0
Invocations    | 2 4 6 |  6.1
Stealth        | |  2.7

Action                     |  1- 3 |  4- 6 |  7- 9 | 10-12 || total
---------------------------+-------+-------+-------+-------++-------
  Melee: Unarmed           |     6 |    68 |   354 |   141 ||   569
         Punch             |       |     1 |    12 |    11 ||    24
  Throw: Dart              |       |       |     7 |       ||     7
         Large rock        |       |       |     3 |     8 ||    11
         Javelin           |       |       |       |     1 ||     1
 Invoke: Heroism           |       |       |       |     1 ||     1
    Use: Scroll            |       |       |    12 |     1 ||    13
   Stab: Sleeping          |       |       |    11 |       ||    11
 Armour: Robe              |       |    10 |       |       ||    10
         Steam dragon scal |       |       |   117 |       ||   117
         Swamp dragon scal |       |       |    19 |    72 ||    91
  Dodge: Dodged            |     2 |    24 |   184 |    92 ||   302

Table legend: (Time is in decaauts)
 A = Elapsed time spent in this place.
 B = Non-inter-level travel time spent in this place.
 C = Inter-level travel time spent in this place.
 D = Time resting spent in this place.
 E = Time spent auto-exploring this place.
 F = Levels seen in this place.
 G = Mean time per level.
                   A        B        C        D        E       F      G
               +--------+--------+--------+--------+--------+-----+--------+
         Total |   6898 |   6544 |    354 |     76 |   5028 |  10 |  689.8 |
       Dungeon |   6897 |   6543 |    354 |     76 |   5028 |   9 |  766.3 |
        Temple |      1 |      1 |      0 |      0 |      0 |   1 |    1.0 |
               +--------+--------+--------+--------+--------+-----+--------+

Top non-repeatable levels by time:
     D:5: 1547 daAuts
     D:4: 917 daAuts
     D:8: 824 daAuts
     D:7: 712 daAuts
     D:6: 679 daAuts
     D:2: 651 daAuts
     D:3: 644 daAuts
     D:1: 608 daAuts
     D:9: 310 daAuts
  Temple: 1 daAuts
